 Dungeon Crawl Stone Soup version 0.30-a0-722-g3e6e8c874d (webtiles) character file.

Game seed: 17132136346273871089

630 ASSMAN the Cudgeller (level 7, -1/70 HPs)
             Began as an Ogre Cinder Acolyte on Jan 28, 2023.
             Was a Believer of Ignis.
             Slain by a gnoll
             ... wielding a +0 spear
             ... led by a gnoll bouda
              (3 damage)
             ... on level 4 of the Dungeon.
             The game lasted 00:05:19 (4039 turns).

ASSMAN the Cudgeller (Ogre Cinder Acolyte)          Turns: 4039, Time: 00:05:20

Health: -1/70      AC: 10    Str: 20 (21) XL:     7   Next: 48%
Magic:  8/8        EV:  9    Int: 15      God:    Ignis [**....]
Gold:   255        SH:  5    Dex:  4      Spells: 8/8 levels left

rFire   + . .      SeeInvis .    s - +1 flail (protect)
rCold   . . .      Faith    .    (no shield)
rNeg    . . .      Spirit   .    b - +0 robe
rPois   .          Reflect  +    (helmet restricted)
rElec   .          Harm     .    (no cloak)
rCorr   .          Rampage  .    (gloves unavailable)
Will    .....                    (boots unavailable)
Stlth   +                        e - amulet of reflection
HPRegen 0.31/turn                (no ring)
MPRegen 0.11/turn                (no ring)

@: under a protective aura, on berserk cooldown, slowed, very slow
A: large, unfitting armour, tough skin 1, fangs 1, deterioration 1
a: Renounce Religion, Fiery Armour, Foxfire Swarm, Rising Flame


You were on level 4 of the Dungeon.
You worshipped Ignis.
Ignis was pleased with you.
You visited 1 branch of the dungeon, and saw 4 of its levels.

You collected 255 gold pieces.

Inventory:

Hand Weapons
 d - a +6 scythe of protection
 s - a +1 flail of protection (weapon)
Armour
 b - a +0 robe (worn)
Jewellery
 a - a ring of see invisible
 e - an amulet of reflection (around neck)
 j - a ring of positive energy
 q - a +5 ring of evasion
Wands
 t - a wand of mindburst (19)
Scrolls
 c - 3 scrolls of identify {unknown}
 i - 3 scrolls of teleportation {unknown}
 k - 2 scrolls of noise {unknown}
 m - 2 scrolls of torment {unknown}
 n - 4 scrolls of magic mapping {unknown}
 o - a scroll of acquirement {unknown}
 p - a scroll of fog {unknown}
 u - a scroll of amnesia {unknown}
Potions
 f - a potion of brilliance {unknown}
 g - a potion of resistance
 h - a potion of might
 l - a potion of mutation


   Skills:
 - Level 4.0 Fighting
 + Level 7.7 Maces & Flails
 - Level 1.2 Spellcasting
 - Level 2.6 Fire Magic


You had 8 spell levels left.
You didn't know any spells.
Your spell library contained the following spells:

 Spells                   Type           Power      Damage    Failure   Level
 Scorch                   Fire           16%        2d6       12%         2


Dungeon Overview and Level Annotations

Branches:
Dungeon (4/15)
 Temple: D:4-7

Altars:


Innate Abilities, Weirdness & Mutations

You are too large for most types of armour.
You have tough skin. (AC +1)
You have very sharp teeth.
Your body sometimes deteriorates upon taking damage.


Message History

The gnoll bouda is heavily wounded.
You hit the gnoll bouda.
The gnoll bouda is severely wounded.
The gnoll bouda barely misses you. The gnoll closely misses you.
You completely miss the gnoll bouda.
The gnoll bouda is severely wounded.
The gnoll bouda hits you with a +0 club.
* * * LOW HITPOINT WARNING * * *
The gnoll hits you from afar with a +0 spear.
* * * LOW HITPOINT WARNING * * *
You completely miss the gnoll bouda.
The gnoll bouda is severely wounded.
You closely miss the gnoll bouda.
The gnoll bouda is severely wounded.
The gnoll bouda calls upon its god to heal the gnoll.
The gnoll's wounds heal themselves!
The gnoll hits you from afar with a +0 spear!
* * * LOW HITPOINT WARNING * * *
You sock the gnoll bouda!
You kill the gnoll bouda!
The gnoll closely misses you.
You feel your dexterity returning.
You barely miss the gnoll.
You are no longer berserk.
You are exhausted.
You feel yourself slow down.
The gnoll is no longer moving quickly.
The gnoll hits you with a +0 spear.
* * * LOW HITPOINT WARNING * * *
You closely miss the gnoll. You bite the gnoll, but do no damage.
An iguana comes into view.
The gnoll misses you.
You closely miss the gnoll.
The iguana hisses angrily.
You bite the gnoll, but do no damage. The gnoll barely misses you.
The gnoll hits you with a +0 spear.
* * * LOW HITPOINT WARNING * * *
You hit the gnoll. You bite the gnoll.
The gnoll is heavily wounded.
The gnoll hits you with a +0 spear.
You die...

...# ... ..# ### #l.#
... #... #.## ....
##..###... .....
#..g)..## .....
##..)@)..###.....
#....)...........
#................##
...................
.................# ..
.................##..
..........#..........
..........#..........
....###.#...........


You could see an iguana and a gnoll.

Vanquished Creatures
  Sigmund (D:2)
  2 hounds (D:4)
  A gnoll bouda (D:4)
  3 orc priests
  Ijyb (D:3)
  An iguana (D:4)
  2 orc wizards (D:3)
  7 gnolls
  2 adders (D:2)
  3 worms
  2 dart slugs
  10 orcs
  7 ball pythons
  9 endoplasms
  4 giant cockroaches
  5 goblins
  7 hobgoblins
  3 jackals (D:1)
  9 kobolds
  2 quokkas
  3 bats (D:1)
  3 frilled lizards
  9 rats
96 creatures vanquished.

Vanquished Creatures (others)
  37 foxfires
37 creatures vanquished.

Grand Total: 133 creatures vanquished

Notes
Turn   | Place    | Note
-------+----------+-------------------------------------------
     0 | D:1      | ASSMAN the Ogre Cinder Acolyte began the quest for the Orb.
     0 | D:1      | Reached XP level 1. HP: 24/24 MP: 2/2
    49 | D:1      | Reached skill level 3 in Maces & Flails
   110 | D:1      | Reached XP level 2. HP: 31/32 MP: 3/3
   629 | D:1      | Reached XP level 3. HP: 26/39 MP: 4/4
   725 | D:1      | Reached skill level 4 in Maces & Flails
  1387 | D:2      | Reached XP level 4. HP: 27/48 MP: 5/5
  1946 | D:2      | Noticed Sigmund
  1958 | D:2      | Gained mutation: Your body sometimes deteriorates upon
                  | taking damage. [potion of mutation]
  1958 | D:2      | Gained mutation: You have very sharp teeth. [potion of
                  | mutation]
  1975 | D:2      | Killed Sigmund
  1976 | D:2      | Reached skill level 6 in Maces & Flails
  1976 | D:2      | Reached XP level 5. HP: 9/54 MP: 6/6
  1976 | D:2      | Reached XP level 6. HP: 10/62 MP: 7/7
  2606 | D:2      | Found a faded altar of an unknown god.
  3553 | D:3      | Noticed Ijyb
  3563 | D:3      | Killed Ijyb
  3824 | D:4      | Reached skill level 7 in Maces & Flails
  3824 | D:4      | Reached XP level 7. HP: 29/70 MP: 8/8
  4036 | D:4      | HP: 2/70 [gnoll/+0 spear[a gnoll bouda] (3)]
  4039 | D:4      | Slain by a gnoll

Illustrated notes

Levels and vault maps discovered:
D:1:      lemuel_arrival_lava_pool, layout_basic
D:2:      layout_basic, hellmonk_ecumenical_altar_leap_of_faith, uniq_sigmund
D:3:      layout_basic, uniq_ijyb
D:4:      layout_layer_cave

Skill      XL: |  1  2  3  4  5  6 |
---------------+-------------------+-----
Maces & Flails | 3 4 6 7 |  7.7
Fighting       | |  4.0
Spellcasting   | |  1.2
Fire Magic     | |  2.6

Action                     |  1- 3 |  4- 6 |  7- 9 || total
---------------------------+-------+-------+-------++-------
  Melee: Mace              |   130 |    91 |       ||   221
         Flail             |       |    54 |    41 ||    95
         Bite              |       |     7 |     6 ||    13
         Punch             |       |     3 |       ||     3
 Invoke: Fiery Armour      |     3 |     3 |       ||     6
         Foxfire Swarm     |       |     1 |     1 ||     2
    Use: Potion            |       |     6 |     1 ||     7
 Armour: Robe              |    56 |    49 |    18 ||   123
         Skin              |       |     4 |       ||     4
  Dodge: Dodged            |    86 |    67 |    23 ||   176
  Block: Other             |    34 |    32 |    11 ||    77
         Reflection        |       |     1 |       ||     1

Table legend: (Time is in decaauts)
 A = Elapsed time spent in this place.
 B = Non-inter-level travel time spent in this place.
 C = Inter-level travel time spent in this place.
 D = Time resting spent in this place.
 E = Time spent auto-exploring this place.
 F = Levels seen in this place.
 G = Mean time per level.
                   A        B        C        D        E       F      G
               +--------+--------+--------+--------+--------+-----+--------+
         Total |   4080 |   3901 |    179 |    567 |   2690 |   4 | 1020.0 |
       Dungeon |   4080 |   3901 |    179 |    567 |   2690 |   4 | 1020.0 |
               +--------+--------+--------+--------+--------+-----+--------+

Top non-repeatable levels by time:
     D:2: 1839 daAuts
     D:1: 1072 daAuts
     D:3: 942 daAuts
     D:4: 226 daAuts
